[Event "1st Serbian League 2022"]
[Site "Vrnjacka Banja"]
[Date "2022.09.22"]
[Round "3.22"]
[White "Miljkovic, Miroslav D"]
[Black "Djukic, Nikola"]
[Result "0-1"]
[ECO "E73"]
[WhiteElo "2456"]
[BlackElo "2536"]
[Annotator "TA"]
[PlyCount "78"]
[EventDate "2022.09.20"]
[EventType "team-tourn"]
[EventCountry "SRB"]
[SourceTitle "playchess.com"]
[Source "ChessBase"]
[SourceQuality "1"]
[TimeControl "40/5400+30:1800+30"]

1. d4 Nf6 2. c4 g6 3. Nc3 Bg7 4. e4 d6 5. Be2 O-O 6. Be3 e5 7. d5 Na6 8. g4 {[%emt 0:04:28][%cal Bg2g4,Bg4g5][%mdl 32] E73: King's Indian: Averbakh Variation without 6...c5.} Nc5 9. f3 h5 {[%emt 0:00:47] is cutting edge theory.} 10. g5 {[%emt 0:15:30] White is slightly better.} Nh7 11. h4 f6 12. Qd2 fxg5 13. hxg5 Rf4 $1 14. Bxf4 exf4 15. Qxf4 Nxg5 16. Qe3 Be5 {[%emt 0:01:36] Inhibits Rh2.} 17. f4 Bxc3+ {[%emt 0:00:12][%mdl 64] [#] Remove Defender} 18. bxc3 $146 ({Predecessor:} 18. Qxc3 Ngxe4 19. Qe3 Qf6 20. O-O-O Na4 21. Rd4 Bf5 22. Bd3 Ng3 23. Rh2 Bxd3 24. Qxd3 {0-1 (47) Lima,D (2508)-Jones,G (2684) Chess.com INT 2021}) 18... Ngxe4 {[%emt 0:00:09] Pair of Knights!} 19. Nf3 $1 Bf5 {[%emt 0:29:56][%cal Bc8f5,Bf5g6,Bg6h5][%mdl 32] White must now prevent ...Ng3.} 20. Nd4 Qd7 21. Bxh5 $2 {[%emt 0:12:08][%mdl 8192] Black continues to play with concentration.} gxh5 $19 22. Rxh5 {[%emt 0:00:06] [#]} Bg6 (22... Bg4 23. Rh6 Rf8 24. f5 $15) 23. Rh6 Qg4 {[%emt 0:00:49] Really sharp!} 24. f5 $2 (24. Qf3 Qxf3 25. Nxf3) 24... Bh5 25. Ne2 Qh4+ 26. Kd1 {[%emt 0:01:02] Hoping for Kc2.} Qh1+ 27. Kc2 Qxa1 28. Rxh5 Qxa2+ 29. Kd1 Qa4+ (29... Nd3 {is a self mate.} 30. Qg1+) 30. Kc1 {[%emt 0:00:02] White threatens Qg1+ and mate.} Qa1+ 31. Kc2 Re8 {[%emt 0:02:56] ( -> ...Qa2+)} 32. Nc1 {[%emt 0:00:00] Against Qa2+} Qa4+ ({Stronger than} 32... Na4 33. Qg1+ Kf8 34. Rh8+ Ke7 35. Qg7+ Kd8 36. Rxe8+ Kxe8 37. Qg8+ Ke7 38. Qg7+ Ke8 39. Qg8+ Ke7 40. Qg7+ Ke8 $11) 33. Kb2 Qd1 34. Rh2 Na4+ 35. Ka3 Nb6 36. Rg2+ Kf7 37. Qh6 Qa4+ {[%emt 0:00:21] Black mates.} 38. Kb2 Nxc4+ 39. Kb1 Nxc3# {[%emt 0:00:09] Weighted Error Value: White=0.55/Black=0.14 (very precise)} 0-1

[Event "1st Serbian League 2022"]
[Site "Vrnjacka Banja"]
[Date "2022.09.22"]
[Round "3.23"]
[White "Strikovic, Aleksa"]
[Black "Kosic, Dragan"]
[Result "1/2-1/2"]
[ECO "A31"]
[WhiteElo "2491"]
[BlackElo "2399"]
[Annotator "TA"]
[PlyCount "70"]
[EventDate "2022.09.20"]
[EventType "team-tourn"]
[EventCountry "SRB"]
[SourceTitle "playchess.com"]
[Source "ChessBase"]
[SourceQuality "1"]
[TimeControl "40/5400+30:1800+30"]

1. c4 c5 2. Nf3 Nc6 3. d4 cxd4 4. Nxd4 Nf6 5. Nc3 Qb6 6. Nb3 e6 7. e4 Bb4 {[%emt 0:00:41] A31: Symmetrical English: 2 Nf3 Nf6 3 d4.} 8. Bd3 d5 (8... Ne5 $11 {remains equal.}) 9. exd5 $16 exd5 {[%emt 0:00:16] White is slightly better.} 10. O-O dxc4 11. Re1+ Be7 (11... Kf8 12. Bxc4 (12. Be3 Qa6 $11) 12... Bg4 13. Qd3 $16) 12. Bxc4 O-O {[%emt 0:02:35] [#]} 13. Be3 $146 ({Predecessor:} 13. Bf4 Qb4 14. Qe2 Bg4 15. Qf1 Be6 16. Bxe6 Qxf4 17. Bd5 Bb4 18. Bxc6 Bxc3 19. bxc3 bxc6 {½-½ (64) Vasudeva,T (2100)-Guerrero,A (2048) Fremont 2012}) 13... Qb4 14. Qe2 Ne5 15. Nd5 Nxd5 (15... Qxc4 $14 {is more appropriate.} 16. Nxe7+ Kh8) 16. Bxd5 {[%emt 0:01:22] [#] Hoping for Bd2.} Ng6 17. Rac1 {[%emt 0:06:47] White is more active.} ({White should try} 17. Rad1 $16) 17... Bg4 $14 18. f3 Bd7 19. Qf2 (19. Rc4 $16 Qd6 20. Bxb7) 19... Rfe8 $11 20. Red1 Bc6 21. Bxc6 bxc6 22. Nd4 Bf6 23. b3 ({Reject} 23. Rxc6 Rad8 24. Rcc1 (24. a3 $2 Qa4 $19) 24... Qd6 $17) 23... Rad8 $1 24. Nc2 ({Avoid the trap} 24. Nxc6 $2 Rxd1+ 25. Rxd1 Qc3 $19) 24... Rxd1+ 25. Rxd1 Qa5 26. Bd4 (26. Ne1 $11) 26... Qxa2 27. Bxf6 gxf6 28. Nd4 Qxf2+ (28... Qa3 $5 ) 29. Kxf2 $15 {[%emt 0:00:01][%mdl 4096] Endgame KRN-KRN. The position is equal.} Rd8 {[%emt 0:00:17] [#] Threatens to win with ...c5.} 30. Ke1 Nh4 31. Nxc6 Nxg2+ 32. Ke2 Nf4+ 33. Ke1 Ng2+ 34. Ke2 Nf4+ 35. Ke1 Ng2+ {[%emt 0:02:36] Weighted Error Value: White=0.15 (very precise) /Black=0.13 (very precise)} 1/2-1/2

[Event "1st Serbian League 2022"]
[Site "Vrnjacka Banja"]
[Date "2022.09.22"]
[Round "3.24"]
[White "Lazic, Miroljub"]
[Black "Perunovic, Miodrag"]
[Result "0-1"]
[ECO "A48"]
[WhiteElo "2300"]
[BlackElo "2413"]
[Annotator "TA"]
[PlyCount "112"]
[EventDate "2022.09.20"]
[EventType "team-tourn"]
[EventCountry "SRB"]
[SourceTitle "playchess.com"]
[Source "ChessBase"]
[SourceQuality "1"]
[TimeControl "40/5400+30:1800+30"]

1. Nf3 Nf6 2. b3 g6 3. Bb2 Bg7 4. d4 O-O 5. Nbd2 d6 6. e3 c5 7. Be2 Nc6 8. O-O cxd4 {[%emt 0:01:08] A48: 1 d4 Nf6 2 Nf3 g6: Torre, London and Colle Systems.} 9. Nxd4 Bd7 10. c4 a6 {[%emt 0:02:07] The position is equal.} 11. N2f3 Qa5 12. a3 Rfc8 13. Rc1 {[%emt 0:16:30] [#]} Rab8 $146 ({Predecessor:} 13... Qb6 14. Qc2 Nd8 15. Nd2 e5 16. N4f3 Ne6 17. Qb1 a5 18. a4 Nc5 19. Ba3 Bf5 20. Bxc5 Qxc5 {0-1 (28) Bungter,H-Krebs,D Badenweiler 1995}) 14. b4 Qd8 15. Nb3 Na7 16. Nfd2 Ba4 17. Nb1 Bd7 18. Bf3 Be6 19. N1d2 Nc6 20. c5 Ne5 21. Bxe5 dxe5 22. Na5 Qc7 23. Ne4 Bf5 24. Nxf6+ Bxf6 25. Bd5 Rd8 (25... e6 $14 26. Bc4 Rd8) 26. Qf3 Bc8 ({Black should play} 26... Bd3 $14) 27. Rfd1 Kg7 ({Better is} 27... Rf8 28. c6 b6) 28. c6 $16 b6 29. Nb7 Rf8 {[%emt 0:00:27] [#]} 30. Qe2 $1 Ra8 31. Bf3 h5 32. Rc2 (32. a4 $16) 32... Bf5 $14 {[%emt 0:00:52] And now ...e4 would win.} 33. g3 (33. e4 $14 Bc8 34. Rd3) 33... e4 $11 34. Bg2 Rfc8 (34... Bg4 $11 35. f3 exf3 36. Bxf3 Be6) 35. h3 $14 Qe5 36. Rd4 (36. a4 $1 $14) 36... Qe6 $36 {[%emt 0:00:18][%csl LRc6,LRd4,LRh3][%mdl 2048] Black has the initiative.} 37. Rdc4 Rc7 (37... b5 $15 {deserves consideration.} 38. Nc5 Qxc6 39. Bxe4 Bxe4 40. Rxe4 Kg8) 38. Qf1 $11 Rac8 39. g4 (39. a4 $1 $11) 39... hxg4 $17 40. hxg4 Bxg4 41. Rxe4 Qb3 42. Qc4 Qxc4 43. Rexc4 Be6 44. a4 Bxc4 45. Rxc4 e6 46. Rc2 Be7 47. b5 {[%emt 0:00:00] [#]} axb5 $1 48. axb5 Ra8 {[%emt 0:00:00] Inhibits Ra2.} 49. Bf1 f5 50. Rd2 Kf6 51. Kg2 g5 52. Be2 Rh8 53. Ra2 Bb4 {[%emt 0:00:00] Strongly threatening ...g4.} 54. Ra4 (54. Kg1 $142) 54... Bc3 {[%emt 0:00:00] aiming for ...Rch7.} 55. Bd3 (55. Nd6 {is a better defense.} Rch7 56. c7 Rxc7 57. Rc4 Rxc4 58. Nxc4) 55... g4 {[%emt 0:00:00] Hoping for ...Rch7.} 56. Ra6 (56. Nd6 $142) 56... Rch7 {[%emt 0:00:00] What a bad dream for White.  Weighted Error Value: White=0.38/Black=0.14 (very precise)} 0-1

[Event "1st Serbian League 2022"]
[Site "Vrnjacka Banja"]
[Date "2022.09.22"]
[Round "3.25"]
[White "Risteski, Emil"]
[Black "Tadic, Stefan"]
[Result "1/2-1/2"]
[ECO "B56"]
[WhiteElo "2364"]
[BlackElo "2318"]
[Annotator "TA"]
[PlyCount "45"]
[EventDate "2022.09.20"]
[EventType "team-tourn"]
[EventCountry "SRB"]
[SourceTitle "playchess.com"]
[Source "ChessBase"]
[SourceQuality "1"]
[TimeControl "40/5400+30:1800+30"]

1. e4 c5 2. Nf3 d6 3. d4 cxd4 4. Nxd4 Nf6 5. Nc3 Bd7 6. f3 {[%emt 0:01:57] B56: Classical Sicilian: Unusual Lines.} e5 7. Nb3 Be7 8. Be3 O-O 9. Qd2 a5 10. a4 Na6 11. g4 {[%emt 0:04:34][%cal Bg2g4,Bg4g5][%mdl 32] [#]} d5 $146 ({Predecessor:} 11... Nb4 12. O-O-O Rc8 13. Kb1 Be6 14. g5 Nh5 15. Rg1 Kh8 16. Bb5 Qc7 17. h4 f5 {½-½ (17) Hracek,Z (2594)-Predojevic,B (2640) Sibenik 2016}) 12. exd5 {[%emt 1:26:24] d6 is the strong threat.} Bb4 13. g5 Nh5 14. Bb5 {[%emt 0:00:00] [#]} (14. Bxa6 $14 bxa6 15. Bc5) 14... Bxb5 $1 $17 15. axb5 Nc7 16. Bc5 Re8 $2 (16... Nxb5 $15 {keeps the upper hand.} 17. Bxf8 (17. Bxb4 axb4 18. Nxb5 Rxa1+ 19. Nxa1 Qa5 $17) 17... Qxf8) 17. O-O-O $2 (17. d6 $16 {is necessary to keep the advantage.} Bxc3 18. bxc3) 17... Nf4 (17... Bxc3 $19 18. Qxc3 Nxd5) 18. Bxb4 axb4 19. Ne2 Ncxd5 20. Nxf4 {[%emt 0:00:00] The position is equal.} Nxf4 21. h4 Qb6 22. Qxb4 Qe3+ 23. Kb1 $1 {[%emt 0:00:00] Weighted Error Value: White=0.28 (precise) /Black=0.31} 1/2-1/2

[Event "1st Serbian League 2022"]
[Site "Vrnjacka Banja"]
[Date "2022.09.22"]
[Round "3.26"]
[White "Ivanovic, Marko"]
[Black "Djokic, Mihailo"]
[Result "0-1"]
[ECO "B48"]
[WhiteElo "2265"]
[BlackElo "2197"]
[Annotator "TA"]
[PlyCount "152"]
[EventDate "2022.09.20"]
[EventType "team-tourn"]
[EventCountry "SRB"]
[SourceTitle "playchess.com"]
[Source "ChessBase"]
[SourceQuality "1"]
[TimeControl "40/5400+30:1800+30"]

1. e4 c5 2. Nf3 e6 3. d4 cxd4 4. Nxd4 Nc6 5. Nc3 Qc7 6. Be3 a6 7. Qf3 {[%emt 0:00:08] B48: Sicilian: Taimanov: 5 Nc3 Qc7 6 Be3 a6 without Be2.} Bb4 8. Nxc6 Bxc3+ 9. bxc3 {[%emt 0:00:05][%cal Oe3d4] White is slightly better.} Qxc6 10. c4 {[%emt 0:08:48] [#]} Nf6 $146 (10... Ne7 $1 $14) ({Predecessor:} 10... Ne7 11. e5 Qxf3 12. gxf3 d5 13. exd6 Nf5 14. O-O-O Bd7 15. Bb6 Bc6 16. Rg1 Kd7 {1-0 (32) Cumming,R (2369)-Roettgen,J (2060) Figueira da Foz 2021}) 11. e5 $16 Nd5 12. Bd2 Ne7 13. Qg4 ({White should try} 13. Qxc6 $16 dxc6 14. Bd3) 13... h5 (13... b5 $11) 14. Qxg7 Qe4+ 15. Be2 Rg8 16. Qf6 Nc6 17. Bc3 ({Better is} 17. Qf4 $16 Qxe5 18. Qxe5 Nxe5 19. Bc3) 17... Qxc2 $11 18. Qf3 b5 19. O-O Bb7 {[%emt 0:01:56][%cal Oc2e2] aiming for ...Qxe2!} 20. Rac1 $2 {[%emt 0:00:05][%mdl 8192] [#]} (20. cxb5 Na5 21. Bxa5 (21. Rfc1 Qa4 $17) 21... Bxf3 22. Bxf3 axb5 $1 23. Bxa8 Qa4 $17) (20. Rfc1 $14 {stays ahead.} Qg6 21. g3 (21. cxb5 Nd8 $17)) 20... Qg6 $2 (20... Qxe2 $1 $19 21. Qxe2 Nd4 $1 ) 21. g3 (21. cxb5 $2 Nd8 22. Qg3 Qh7 23. bxa6 Bd5 $19) 21... Na5 22. Qxh5 Qxh5 23. Bf3 $2 (23. Bxh5 $14 Nxc4 24. Rfd1) 23... Qg4 $2 24. Bxg4 $14 {[%emt 0:00:00] A strong pair of Bishops.} Nxc4 25. Be2 Bd5 26. Rfd1 Rc8 27. f4 Rc6 28. Kf2 d6 29. Bxc4 Rxc4 30. exd6 Kd7 31. Be5 $1 Rgc8 32. Rxc4 Rxc4 $16 {[%emt 0:00:01][%mdl 4096] Endgame KRB-KRB} 33. a3 (33. h4 $14 {is more appropriate.}) 33... Rc2+ $11 34. Ke3 Rxh2 35. Rc1 {[%emt 0:00:00] Threatening mate with Rc7+.} Bc4 36. Kd4 Kc6 37. g4 Rd2+ 38. Ke4 Rd3 39. a4 Ra3 40. axb5+ axb5 41. f5 {[%emt 0:31:10] Strongly threatening fxe6.} exf5+ 42. gxf5 Ra2 43. Rd1 {[%emt 0:00:00] Black must now prevent d7.} Re2+ 44. Kf4 {[%emt 0:00:00] Intending d7 and mate.} Kd7 45. Ra1 {[%emt 0:00:00] Threatens to win with Ra7+.} Ra2 {[%emt 0:00:00] Inhibits Ra7+.} 46. Rh1 Rf2+ 47. Ke4 Bb3 48. Rh8 Bc2+ 49. Kd4 Bxf5 50. Ra8 Kc6 51. Ra7 Rd2+ 52. Ke3 Rd3+ 53. Kf4 Be6 54. Ke4 Rd5 55. Rc7+ Kb6 56. Re7 b4 57. Rc7 $1 Kb5 58. Rb7+ Kc4 59. Rc7+ Kb3 60. Rb7 Ra5 {[%emt 0:00:00] And now ...Bd5+ would win.} 61. Rc7 (61. d7 Rd5 62. Rb6 f5+ 63. Kf4 Bxd7 $19) 61... Ka3 62. Bf6 ({Don't play} 62. d7 f5+ 63. Kf4 Rd5 $17) 62... Rd5 63. Ra7+ Kb3 64. Be5 Rc5 65. Bf6 Rc1 66. Rxf7 Re1+ (66... Bxf7 $5 67. d7 $8 Re1+ 68. Kf3 Bh5+ 69. Kf4 Rd1 $11) 67. Kf4 Rf1+ (67... Bxf7 $5 68. d7 $8 Rd1 $11) 68. Ke3 Bxf7 69. d7 Rxf6 70. d8=Q {[%emt 0:00:08] Against Rd6. KQ-KRB} Rc6 71. Qd1+ Ka3 72. Qd7 Rc3+ 73. Kd2 Bb3 74. Qa7+ Ba4 75. Qe7 Rb3 76. Kc1 $2 {[%emt 0:02:02][%mdl 8192] [#]} (76. Qe1 $11 Rb2+ 77. Ke3) 76... Rd3 $1 {[%emt 0:00:15] Weighted Error Value: White=0.25 (precise) /Black=0.22 (precise)} 0-1

[Event "1st Serbian League 2022"]
[Site "Vrnjacka Banja"]
[Date "2022.09.22"]
[Round "3.27"]
[White "Jocev, Milan"]
[Black "Sarenac, Ivan"]
[Result "1-0"]
[ECO "D76"]
[WhiteElo "2283"]
[BlackElo "2402"]
[Annotator "TA"]
[PlyCount "83"]
[EventDate "2022.09.20"]
[EventType "team-tourn"]
[EventCountry "SRB"]
[SourceTitle "playchess.com"]
[Source "ChessBase"]
[SourceQuality "1"]
[TimeControl "40/5400+30:1800+30"]

1. d4 Nf6 2. c4 g6 3. g3 Bg7 4. Bg2 d5 5. cxd5 Nxd5 6. Nf3 O-O 7. O-O Nc6 8. e4 Nb6 9. d5 Na5 10. Nc3 c6 11. Re1 Re8 12. Bg5 {[%emt 0:10:41] D76: Fianchetto Grünfeld: Main Line with 7...Nb6.} h6 13. Bf4 e5 {[%emt 0:01:45] [#]} (13... cxd5 {with more complications.} 14. exd5 Nac4 15. Ne5 Bf5) 14. Be3 $146 {[%emt 0:05:40] White is slightly better.} (14. dxe6 $5 Bxe6 15. Qc2 $11) ({Predecessor:} 14. dxe6 Bxe6 15. Be5 Qxd1 16. Rexd1 {½-½ (16) Arkell,K (2455)-Gormally,D (2415) Newcastle on Tyne 1998}) 14... cxd5 15. Bxb6 Qxb6 16. Nxd5 Qd8 17. Rc1 {[%emt 0:16:22] Hoping for Nc7.} Nc6 18. Qb3 Bf8 19. Red1 Bd6 20. Rd2 $36 {[%emt 0:05:05][%mdl 2048] White has the initiative.} Kg7 21. h4 Rb8 22. h5 {[%emt 0:08:17] White has more active pieces.} (22. Qd1 $16 {aiming for Ne3.} Bf8 23. b4) 22... Bg4 $11 23. Nh2 (23. hxg6 $14 fxg6 24. Qd3) 23... Be6 (23... Bxh5 $2 24. g4 $18) (23... Qg5 $1 $11 24. Qe3 (24. f4 Qxh5 25. Nxg4 Qxg4 $15) 24... Qxh5) 24. Qe3 Ne7 $2 {[%emt 0:15:26] [#] Black is now going downhill.} (24... Rc8 $11) 25. hxg6 ({Don't play} 25. Qxa7 Bxd5 26. exd5 gxh5 $14) (25. Nc7 $1 $18 Qxc7 26. Rxc7 Bxc7 27. Qxa7) 25... fxg6 {[%emt 0:00:57] [#]} (25... Kxg6 $16 {was called for.} 26. Nc3 Qc7) 26. Nc7 $1 $18 Qxc7 27. Rxc7 Bxc7 {[%emt 0:00:30] A strong pair of Bishops.} 28. Qxa7 Nc6 29. Qc5 Red8 (29... Ba5 {was worth a try.}) 30. Rxd8 Rxd8 31. Qb5 Rd1+ 32. Nf1 Bc8 33. Kh2 {[%emt 0:00:30] White is clearly winning.} Rd4 34. a3 {[%emt 0:00:30] Prevents Rb4.} Na5 35. Qe8 {[%emt 0:00:30] Qe7+ is the strong threat.} Bd7 36. Qe7+ Kg8 37. Qf6 Rd6 38. Qxe5 Nc6 39. Qc5 Rf6 40. f4 h5 41. e5 Rf8 42. Qd5+ {[%emt 0:00:09] Weighted Error Value: White=0.15 (very precise) /Black=0.47} 1-0

[Event "1st Serbian League 2022"]
[Site "Vrnjacka Banja"]
[Date "2022.09.22"]
[Round "3.28"]
[White "Arsovic, Zoran"]
[Black "Radojicic, Aleksandar M"]
[Result "1-0"]
[ECO "A43"]
[WhiteElo "2362"]
[BlackElo "2192"]
[Annotator "TA"]
[PlyCount "97"]
[EventDate "2022.09.20"]
[EventType "team-tourn"]
[EventCountry "SRB"]
[SourceTitle "playchess.com"]
[Source "ChessBase"]
[SourceQuality "1"]
[TimeControl "40/5400+30:1800+30"]

1. d4 Nf6 2. Nf3 c5 3. d5 b5 4. Bg5 g6 5. Bxf6 exf6 6. e4 {[%emt 0:00:35] A43: Schmid Benoni.} b4 {[%emt 0:00:12] outshines the older 6...a6.} 7. Nbd2 Bg7 8. Nc4 {[%emt 0:05:20] Nd6+ is the strong threat. White is slightly better.} d6 9. Bd3 O-O 10. O-O Qc7 11. Nfd2 {[%emt 0:09:53] [#]} Bb7 $146 ({Predecessor:} 11... Nd7 12. f4 Nb6 13. Qf3 f5 14. e5 Bb7 15. Nxd6 Bxd5 16. Qe2 Rfd8 17. N2c4 Bf8 {1-0 (95) Isfan,I (2256)-Ciorgovean,I (2305) Mamaia 2021}) 12. Qf3 Nd7 13. Qg3 Ne5 14. f4 Nxd3 15. Qxd3 f5 16. exf5 gxf5 (16... Rae8 $11) 17. Qxf5 $16 Bc8 18. Qd3 {[%emt 0:01:05] White is more active.} f5 19. Rae1 Bd7 20. Nf3 h6 (20... Bb5 {might work better.}) 21. Re2 (21. Re7 $6 Bf6 22. Re2 Rfe8 $16) 21... Rae8 22. Rfe1 Rxe2 23. Rxe2 (23. Qxe2 $6 Re8 24. Qd1 Rxe1+ 25. Qxe1 Qb7 $16) 23... Bf6 24. g4 (24. b3 $18 {and White stays clearly on top.}) 24... Bb5 25. gxf5 (25. g5 $16 Bxb2 26. Re6 (26. gxh6 Bf6 $16)) 25... Kh8 $2 (25... Bxb2 $1 $11 26. Nfd2 Bd4+ 27. Kh1 Bxc4 28. Nxc4 (28. Rg2+ Kh8 $14) 28... Qf7) 26. b3 $1 $18 Rg8+ 27. Rg2 Rxg2+ 28. Kxg2 Qg7+ 29. Kf1 (29. Kf2 $18) 29... Be7 30. Qe4 Bd7 {[%emt 0:00:09] Inhibits Qe6.} 31. Ne3 Qf6 (31... Bf6 $16) 32. Kf2 Kg7 33. Ng4 ({Better is} 33. Nd2 $16) 33... Qf7 34. Ne3 (34. f6+ $14 Bxf6 35. Ne3 (35. Nxf6 Kxf6 36. Nd2 Qh5 $11)) 34... Bf6 $2 {[%emt 0:00:52] [#]} (34... Qf6 $1 $11) 35. Kg3 (35. Ne5 $1 $18 Bh4+ 36. Kg2 dxe5 37. fxe5) 35... Qh5 $16 36. h4 (36. h3 $16) 36... Bc8 $14 37. Ng5 hxg5 38. hxg5 {[%emt 0:00:06] Black must now prevent Nc4.} Bd8 39. Ng4 {[%emt 0:00:43][%mdl 1024] White has compensation.} Kf8 40. Nf2 Qf7 41. f6 Bb7 $2 (41... Bxf6 $11 42. gxf6 Qxf6) 42. Qe6 $18 Bxd5 43. Qxd6+ Ke8 44. Nd3 (44. Qxc5 Qe6 $16) 44... Qe6 45. Qxc5 {[%emt 0:03:43] Threatens to win with Ne5. Dancing on a razor blade.} Qe4 46. Qb5+ ({Weaker is} 46. Qxb4 Qg2+ 47. Kh4 Qh1+ 48. Kg3 Qf3+ 49. Kh4 Qh1+ 50. Kg3 Qf3+ 51. Kh4 Qh1+ $11) ({Worse is} 46. Qxa7 Qf3+ 47. Kh4 Qh1+ 48. Kg4 Qf3+ 49. Kh4 Qh1+ 50. Kg4 Qf3+ 51. Kh4 $11) 46... Kf7 $2 (46... Bc6 $18 47. Qe5+ Kf7) 47. Qd7+ {[%emt 0:03:50] White mates.} Kg6 48. Ne5+ Kh5 49. Qh3# {[%emt 0:01:03] Weighted Error Value: White=0.24 (precise) /Black=0.44} 1-0

[Event "1st Serbian League 2022"]
[Site "Vrnjacka Banja"]
[Date "2022.09.22"]
[Round "3.29"]
[White "Velikic, Adela"]
[Black "Radusinovic, Lazar"]
[Result "0-1"]
[ECO "B31"]
[WhiteElo "2272"]
[BlackElo "2308"]
[Annotator "TA"]
[PlyCount "80"]
[EventDate "2022.09.20"]
[EventType "team-tourn"]
[EventCountry "SRB"]
[SourceTitle "playchess.com"]
[Source "ChessBase"]
[SourceQuality "1"]
[TimeControl "40/5400+30:1800+30"]

1. e4 c5 2. Nf3 Nc6 3. Bb5 g6 4. O-O Bg7 5. Re1 e5 6. Bxc6 dxc6 7. d3 Ne7 8. Be3 b6 {[%emt 0:01:35] B31: Sicilian: 2...Nc6 3 Bb5 g6.} 9. a4 {[%emt 0:00:29][%cal Oa4a5] was the old line (9.a3).} a5 10. Na3 O-O {[%emt 0:03:19] The position is equal.} 11. Nc4 Qc7 12. b4 b5 13. axb5 (13. Ncxe5 {looks sharper.} cxb4 14. d4 f5 15. exf5 Bxf5 16. axb5 cxb5 17. c3) 13... cxb5 14. Rxa5 Rxa5 15. Nxa5 cxb4 16. Nb3 {[%emt 0:00:14] [#]} Rd8 $146 ({Predecessor:} 16... Nc6 17. Bc5 Rd8 18. Qd2 Be6 19. Rc1 Ra8 20. Bxb4 Ra2 21. Qc3 Qc8 22. Bc5 b4 {1-0 (49) Cabrilo,G (2480)-Cigan,S (2400) Cetinje 1990}) 17. Qb1 Nc6 18. Qb2 Bg4 19. Nfd2 Nd4 20. f3 (20. h3 $14 {keeps the upper hand.} Be6 21. Bxd4 exd4 22. Nf3) 20... Be6 $17 {[%emt 0:03:08] Black is much more active.} (20... Nxc2 $2 21. Rc1 Rxd3 22. Rxc2 $18 (22. fxg4 Rxe3 23. Qxc2 Rc3 $11)) 21. Bf2 (21. Bxd4 $17 exd4 22. Ra1) 21... Qc3 ({Worse is} 21... Nxc2 22. Rc1 Bxb3 23. Nxb3 (23. Qxb3 $2 Rc8 $19) 23... Rxd3 24. Rxc2 Rd1+ 25. Be1 Qb6+ 26. Kf1 Rxe1+ 27. Kxe1 $11) (21... Qxc2 $19 22. Qxc2 (22. Bxd4 $2 Qxb2 23. Bxb2 Rxd3 $19) 22... Nxc2) 22. Bxd4 exd4 23. Rb1 Qc7 ({Black should play} 23... Rc8 $17 24. f4 Qxc2 25. Qxc2 Rxc2) 24. Qa2 {[%emt 0:01:08] This move loses the game for White.} ({White should try} 24. g3 $1 $15) 24... Bh6 $19 25. Nf1 Rc8 26. Qb2 Bg7 $36 {[%emt 0:00:25][%mdl 2048] Keeping White busy.} 27. Na1 {[%emt 0:00:18] [#]} Bf8 $1 28. Kh1 Qe5 29. Nb3 {[%emt 0:00:52] [#]} (29. Ng3 $17) 29... Rc3 $1 30. Nfd2 (30. Na1 $142) 30... Bh6 (30... Bd6 31. g3 $17) 31. g3 $2 (31. Rd1) 31... Be3 {[%emt 0:01:30] And now ...Qc7 would win.} 32. Nf1 Bxb3 33. cxb3 Rxd3 34. Ra1 Rc3 35. Ra8+ Kg7 36. Rd8 $2 (36. Nxe3 Rxe3 37. Rd8) 36... Qc7 37. Rd5 Rc2 38. Qb1 Qc3 39. Qd1 Rc1 40. Qe2 Qd2 {[%emt 0:00:11] Weighted Error Value: White=0.82/Black=0.27 (precise)} (40... Qxb3 $142 41. Re5 Qb1) 0-1

[Event "1st Serbian League 2022"]
[Site "Vrnjacka Banja"]
[Date "2022.09.22"]
[Round "3.30"]
[White "Todorovic, Goran N"]
[Black "Radivojevic, Milan R"]
[Result "1-0"]
[ECO "A11"]
[WhiteElo "2305"]
[BlackElo "2172"]
[Annotator "TA"]
[PlyCount "91"]
[EventDate "2022.09.20"]
[EventType "team-tourn"]
[EventCountry "SRB"]
[SourceTitle "playchess.com"]
[Source "ChessBase"]
[SourceQuality "1"]
[TimeControl "40/5400+30:1800+30"]

1. Nf3 d5 2. c4 c6 3. g3 Nf6 4. Bg2 Bf5 5. cxd5 cxd5 6. Qb3 Qb6 7. Qxb6 axb6 8. Nc3 Bd7 {[%emt 0:01:01] A11: English Opening: 1...c6.} 9. d3 e6 10. O-O Bc5 {[%emt 0:12:18] The position is equal.} 11. a3 {[%emt 0:04:47] [#]} d4 $146 ({Predecessor:} 11... O-O 12. Bf4 Rc8 13. e4 Nc6 14. exd5 Nxd5 15. Nxd5 exd5 16. Rfe1 h6 17. Rad1 Be6 {½-½ (42) Giri,A (2717)-Burmakin,V (2592) Sochi 2012}) 12. Na2 Nc6 13. Bf4 Nd5 {[%emt 0:06:22] Inhibits Nb4.} 14. Bd2 Be7 15. Nb4 Bf6 16. Nxd5 exd5 17. Bg5 (17. Ng5 $16) 17... Bxg5 $11 18. Nxg5 f6 19. Nf3 Ke7 20. Rfc1 Kd6 21. Kf1 Rhc8 22. h3 g5 23. Rc2 h5 24. Rac1 g4 25. hxg4 hxg4 26. Nh4 Ne7 {[%emt 0:01:56] Inhibits Ng6.} 27. Rxc8 Rxc8 28. Rxc8 Bxc8 {[%emt 0:00:50][%mdl 4096] Endgame KBN-KBN} 29. Ke1 Bd7 30. Kd2 Ke5 31. Bh1 f5 32. f4+ Kd6 33. Ng2 (33. b3 $1 $14) 33... Be6 (33... Ba4 $11) 34. Ne1 $14 Nc6 35. Nc2 Kc5 (35... b5 $14) 36. Bg2 (36. b4+ $1 $16 Kb5 37. e3) 36... Bf7 {[%emt 0:00:30] [#]} ({Better is} 36... b5 $14) 37. b4+ $1 $16 Kb5 38. Kc1 Ka4 39. Kb2 Be6 $2 (39... Bg8 $16 {is a better defense.}) 40. Bf1 Bf7 41. e3 Be6 42. Be2 ({Don't do} 42. exd4 Kb5 43. Kb3 Ka6 $16) ({Resist} 42. Nxd4 $6 Nxd4 43. exd4 Kb5 $16) ({White should try} 42. e4 $18) 42... dxe3 $2 {[%emt 0:16:53][%mdl 8192] [#]} (42... Kb5 $16) 43. d4 $1 $18 {[%emt 0:06:26] White is clearly winning.} Bf7 44. Bd3 Be6 45. Nxe3 {[%emt 0:01:19] Nd1 is the strong threat.} Nxd4 46. Nd1 {[%emt 0:00:15] Weighted Error Value: White=0.11 (very precise) /Black=0.17 (very precise)} 1-0